Little Stars vs Harfangs (R1)

Created - 5 octobre 2014 at 21:46

Goals
1 2 3 OT1 SO T
Little Stars 0 3 0 0 2 4
Harfangs 0 2 1 0 1 3
Shots
1 2 3 OT1 SO T
Little Stars 7 15 10 3 3 35
Harfangs 5 9 20 1 3 35

1st period

No Goal

Penalties :
Ryan Ellis (Tex) for Diving (Minor) at 1:51, Craig Smith (BEA) for Fighting (Major) at 7:52, Matt Pelech (Tex) for Fighting (Major) at 7:52, Craig Smith (BEA) for instigated a fight (Minor) at 7:52, Craig Smith (BEA) for instigated a fight (10 Minutes Misconduct) at 7:52, Chris Kreider (BEA) for Hooking (Minor) at 15:15

2nd period

1. Harfangs , Petri Kontiola 5 (James Wisniewski, Chris Kreider) at 3:19
2. Little Stars , Cameron Schilling 1 (Matt Pelech) at 5:32
3. Harfangs , Stefan Ruzicka 1 (Alex Killorn) at 5:46
4. Little Stars , Matt Halischuk 2 (Éric Belanger, Chris Dingman) at 6:00
5. Little Stars , Éric Belanger 11 (Chris Dingman, Mathieu Roy) at 9:19

Penalties :
Chris Dingman (Tex) for Hooking (Minor) at 1:25, Stefan Ruzicka (BEA) for Holding (Minor) at 3:05, Alexandre Picard (BEA) for Hooking (Minor) at 7:03, Mathieu Roy (Tex) for Interference (Minor) at 7:07, Drew Shore (BEA) for Holding (Minor) at 11:41, Ryan Ellis (Tex) for Tripping (Minor) at 11:47

3rd period

6. Harfangs , Tomas Tatar 2 (Alexandre Picard, Andrew Orpik) at 9:23

Penalties :
Kyle Palmieri (BEA) for Roughing (Minor) at 2:34, Matt Halischuk (Tex) for Tripping (Minor) at 9:27, Matt Pelech (Tex) for Hooking (Minor) at 13:48, Carl Hagelin (Tex) for Interference (Minor) at 16:03

Overtime #1

No Goal

Penalties :
No Penalty

Shootout

Penalty Shot by Éric Belanger for Little Stars - Goal!
Penalty Shot by Craig Smith for Harfangs - Shot Misses the Net
Penalty Shot by Chris Dingman for Little Stars - Goal!
Penalty Shot by Tomas Tatar for Harfangs - Goal!
Penalty Shot by Hugh Jessiman for Little Stars - Shot Misses the Net
Penalty Shot by Petri Kontiola for Harfangs - Shot Misses the Net

Penalties :
No Penalty

Goalie Stats

Erik Ersberg (Tex), 32 saves from 35 shots - (0,914), W, 5-1-0, 65:00 minutes
Marek Schwarz (BEA), 32 saves from 35 shots - (0,914), OTL, 1-0-1, 65:00 minutes

Players Stats for Little Stars

Player Name              G  A  P  +/- PIM S  H  SB GA TA FO     MP     PP MP  PK MP  
------------------------------------------------------------------------------------
Alexander Vasyunov       0  0  0   0  0   0  0  0  0  0  0/0    10:47   0:13   2:42 
Cameron Schilling        1  0  1   1  0   2  3  1  1  1  0/0    22:58   3:16   3:53 
Carl Hagelin             0  0  0   0  2   2  2  1  0  0  0/0    11:26   0:00   0:00 
Chris Dingman            0  2  2   1  2   3  2  0  0  1  1/1    22:43   4:18   4:58 
Clay Wilson              0  0  0   0  0   0  0  2  2  0  0/0    26:54   0:07   5:53 
Cody Bass                0  0  0   0  0   1  0  1  1  0  2/6    14:22   0:18   0:02 
Corey Trivino            0  0  0   0  0   0  1  0  0  0  1/2     6:10   0:00   0:00 
Éric Belanger            1  1  2   0  0   9  1  0  3  1  31/46  25:29   4:23   6:04 
Hugh Jessiman            0  0  0   0  0   2  0  2  1  0  0/0    12:20   0:18   0:00 
Jesse Joensuu            0  0  0   0  0   2  1  0  0  0  0/0    12:39   3:11   0:00 
Jimmy Hayes              0  0  0   0  0   2  0  0  1  1  0/0     9:59   0:00   2:51 
Landon Ferraro           0  0  0   0  0   0  0  0  0  0  0/0     2:04   0:00   1:28 
Marcus Kruger            0  0  0   0  0   2  1  0  0  0  5/9    15:43   3:11   0:08 
Mathieu Roy              0  1  1   1  2   3  1  2  0  0  0/0    29:35   4:30   5:53 
Matt Halischuk           1  0  1  -1  2   2  1  0  1  0  1/2    15:11   4:18   0:02 
Matt Pelech              0  1  1   1  7   1  3  0  0  0  0/0     8:34   0:00   0:00 
Raphael Diaz             0  0  0  -1  0   3  0  1  0  0  0/0    23:36   3:16   3:53 
Robert Czarnik           0  0  0   0  0   0  0  0  0  0  0/0     0:00   0:00   0:00 
Ryan Ellis               0  0  0  -1  4   1  0  1  0  0  0/0    19:00   4:23   0:00 
Ryan Vesce               0  0  0   0  0   0  1  0  1  0  0/0    16:29   3:11   1:17 

Players Stats for Harfangs

Player Name              G  A  P  +/- PIM S  H  SB GA TA FO     MP     PP MP  PK MP  
------------------------------------------------------------------------------------
Alex Killorn             0  1  1   0  0   5  0  1  0  0  8/19   17:47   4:12   0:00 
Alexandre Picard         0  1  1   0  2   4  3  3  1  1  0/0    27:08   3:55   4:31 
Andrew Orpik             0  1  1  -2  0   1  1  2  0  1  0/0    18:22   3:55   0:00 
Chris Kreider            0  1  1   1  2   1  0  0  0  0  1/3    19:13   4:11   2:28 
Craig Smith              0  0  0  -2  17  0  5  0  0  0  1/3     9:37   0:04   0:12 
Drew Shore               0  0  0   1  2   1  0  0  0  1  2/5    11:59   0:01   2:07 
Dustin Jeffrey           0  0  0  -2  0   1  1  0  0  1  0/0    10:44   0:04   0:00 
James Wisniewski         0  1  1   1  0   1  1  3  1  0  0/0    28:52   5:51   4:42 
Kyle Palmieri            0  0  0   1  2   0  0  0  0  0  0/1     9:58   0:00   0:00 
Mark Giordano            0  0  0   1  0   5  1  2  1  4  0/0    30:04   5:55   3:16 
Michal Repik             0  0  0   0  0   2  2  0  0  0  0/1    16:13   4:11   2:13 
Nick Holden              0  0  0  -1  0   1  0  0  0  0  0/0    10:05   0:00   0:00 
Peter Olvecky            0  0  0   0  0   3  1  0  1  0  2/5    20:30   5:30   4:02 
Petri Kontiola           1  0  1   1  0   2  6  1  0  1  10/27  22:48   5:30   4:09 
Roman Wick               0  0  0  -1  0   1  1  0  0  0  0/1     9:04   0:00   0:00 
Stefan Ruzicka           1  0  1   0  2   4  2  0  0  0  1/1    18:56   5:30   0:00 
Tomas Tatar              1  0  1   1  0   2  0  0  0  1  0/0    10:55   0:00   0:23 
Victor Bartley           0  0  0   0  0   1  1  0  0  1  0/0    15:45   0:00   3:05 

3 Stars

1 - Petri Kontiola (BEA)
2 - Cameron Schilling (Tex)
3 - Éric Belanger (Tex)

Power Play

Little Stars - 0 on 6 Attempt(s) - 0,00%
Harfangs - 0 on 7 Attempt(s) - 0,00%

Penalty Kill

Little Stars - 7 on 7 Attempt(s) - 100,00% - Score 0 goal in Penalty Kill
Harfangs - 6 on 6 Attempt(s) - 100,00% - Score 0 goal in Penalty Kill

Official

Referees : McCauley Wes and Walkom Stephen
Linesman : Andy McElman and Thor Nelson

Game Notes

Craig Smith and Matt Pelech fight to a draw at 7:52 of 1st period

Finance

Level 1 -- Attendance: 1391 (69,55%) -- Ticket Income 41 730 $
Level 2 -- Attendance: 697 (69,70%) -- Ticket Income 10 455 $
Total Attendance: 2088 (69,60%)
Total Ticket Income: 52 185 $
Other Income: 2 609 $
Total Income: 54 794 $

Little Stars

5 vs 5 Forward 
   Center                   Left Wing                Right Wing               Time % Phy DF OF 
 1 Éric Belanger            Chris Dingman            Matt Halischuk           40     1   2  2  
 2 Marcus Kruger            Jesse Joensuu            Ryan Vesce               30     1   2  2  
 3 Cody Bass                Carl Hagelin             Hugh Jessiman            20     1   2  2  
 4 Corey Trivino            Alexander Vasyunov       Jimmy Hayes              10     1   2  2  

5 vs 5 Defense 
   Defense                  Defense                                           Time % Phy DF OF 
 1 Mathieu Roy              Clay Wilson                                       40     1   2  2  
 2 Raphael Diaz             Ryan Ellis                                        30     1   2  2  
 3 Cameron Schilling        Matt Pelech                                       20     1   2  2  
 4 Mathieu Roy              Clay Wilson                                       10     1   2  2  

PowerPlay Forward 
   Center                   Left Wing                Right Wing               Time % Phy DF OF 
 1 Éric Belanger            Chris Dingman            Matt Halischuk           60     1   2  2  
 2 Marcus Kruger            Jesse Joensuu            Ryan Vesce               40     1   2  2  

PowerPlay Defense
   Defense                  Defense                                           Time % Phy DF OF 
 1 Mathieu Roy              Ryan Ellis                                        60     1   2  2  
 2 Raphael Diaz             Cameron Schilling                                 40     1   2  2  

Penalty Kill 4 Players Forward 
   Center                   Wing                     Time % Phy DF OF 
 1 Éric Belanger            Chris Dingman            60     1   2  2  
 2 Chris Dingman            Ryan Vesce               40     1   2  2  

Penalty Kill 4 Players Defense
   Defense                  Defense                  Time % Phy DF OF 
 1 Mathieu Roy              Clay Wilson              60     1   2  2  
 2 Raphael Diaz             Cameron Schilling        40     1   2  2  

Penalty Kill - 3 Players Forward 
   Forward                                           Time % Phy DF OF 
 1 Éric Belanger                                     60     1   2  2  
 2 Marcus Kruger                                     40     1   2  2  

Penalty Kill - 3 Players Defense
   Defense                  Defense                  Time % Phy DF OF 
 1 Mathieu Roy              Clay Wilson              60     1   2  2  
 2 Raphael Diaz             Cameron Schilling        40     1   2  2  

4 vs 4 Forward 
   Center                   Wing                     Time % Phy DF OF 
 1 Éric Belanger            Chris Dingman            60     1   2  2  
 2 Marcus Kruger            Ryan Vesce               40     1   2  2  

4 vs 4 Defense
   Defense                  Defense                  Time % Phy DF OF 
 1 Mathieu Roy              Clay Wilson              60     1   2  2  
 2 Raphael Diaz             Cameron Schilling        40     1   2  2  

Last Minutes Offensive
   Center                   Left Wing                Right Wing               Defense                  Defense                  
   Marcus Kruger            Chris Dingman            Matt Halischuk           Mathieu Roy              Raphael Diaz             

Last Minutes Defensive
   Center                   Left Wing                Right Wing               Defense                  Defense                  
   Éric Belanger            Chris Dingman            Hugh Jessiman            Mathieu Roy              Clay Wilson              

Goaltenders
Starting : Erik Ersberg             
Backup : Ben Scrivens             

Extra Forwards
Normal : Matt Halischuk, Cody Bass, Jimmy Hayes - PP : Matt Halischuk, Cody Bass - PK : Jimmy Hayes
Extra Defensemen
Normal : Mathieu Roy, Ryan Ellis, Raphael Diaz - PP : Mathieu Roy - PK : Ryan Ellis, Raphael Diaz
Penalty Shots
Éric Belanger, Chris Dingman, Hugh Jessiman, Ryan Vesce, Matt Halischuk

Harfangs

5 vs 5 Forward 
   Center                   Left Wing                Right Wing               Time % Phy DF OF 
 1 Alex Killorn             Peter Olvecky            Stefan Ruzicka           40     1   2  2  
 2 Petri Kontiola           Chris Kreider            Michal Repik             30     1   2  2  
 3 Drew Shore               Tomas Tatar              Kyle Palmieri            20     1   2  2  
 4 Craig Smith              Dustin Jeffrey           Roman Wick               10     1   2  2  

5 vs 5 Defense 
   Defense                  Defense                                           Time % Phy DF OF 
 1 Mark Giordano            Alexandre Picard                                  40     1   2  2  
 2 Victor Bartley           James Wisniewski                                  30     1   2  2  
 3 Andrew Orpik             Nick Holden                                       20     1   2  2  
 4 Mark Giordano            James Wisniewski                                  10     1   2  2  

PowerPlay Forward 
   Center                   Left Wing                Right Wing               Time % Phy DF OF 
 1 Petri Kontiola           Peter Olvecky            Stefan Ruzicka           60     1   2  2  
 2 Alex Killorn             Chris Kreider            Michal Repik             40     1   2  2  

PowerPlay Defense
   Defense                  Defense                                           Time % Phy DF OF 
 1 Mark Giordano            James Wisniewski                                  60     1   2  2  
 2 Alexandre Picard         Andrew Orpik                                      40     1   2  2  

Penalty Kill 4 Players Forward 
   Center                   Wing                     Time % Phy DF OF 
 1 Petri Kontiola           Peter Olvecky            60     1   2  2  
 2 Drew Shore               Chris Kreider            40     1   2  2  

Penalty Kill 4 Players Defense
   Defense                  Defense                  Time % Phy DF OF 
 1 Alexandre Picard         James Wisniewski         60     1   2  2  
 2 Victor Bartley           Mark Giordano            40     1   2  2  

Penalty Kill - 3 Players Forward 
   Forward                                           Time % Phy DF OF 
 1 Petri Kontiola                                    60     1   2  2  
 2 Drew Shore                                        40     1   2  2  

Penalty Kill - 3 Players Defense
   Defense                  Defense                  Time % Phy DF OF 
 1 Alexandre Picard         James Wisniewski         60     1   2  2  
 2 Victor Bartley           Mark Giordano            40     1   2  2  

4 vs 4 Forward 
   Center                   Wing                     Time % Phy DF OF 
 1 Petri Kontiola           Chris Kreider            60     1   2  2  
 2 Alex Killorn             Stefan Ruzicka           40     1   2  2  

4 vs 4 Defense
   Defense                  Defense                  Time % Phy DF OF 
 1 Mark Giordano            James Wisniewski         60     1   2  2  
 2 Alexandre Picard         Andrew Orpik             40     1   2  2  

Last Minutes Offensive
   Center                   Left Wing                Right Wing               Defense                  Defense                  
   Petri Kontiola           Peter Olvecky            Stefan Ruzicka           Mark Giordano            James Wisniewski         

Last Minutes Defensive
   Center                   Left Wing                Right Wing               Defense                  Defense                  
   Petri Kontiola           Peter Olvecky            Stefan Ruzicka           Alexandre Picard         Mark Giordano            

Goaltenders
Starting : Marek Schwarz            
Backup : Ray Emery                

Extra Forwards
Normal : Craig Smith, Dustin Jeffrey, Michal Repik - PP : Craig Smith, Dustin Jeffrey - PK : Michal Repik
Extra Defensemen
Normal : James Wisniewski, Mark Giordano, Alexandre Picard - PP : Mark Giordano - PK : James Wisniewski, Mark Giordano
Penalty Shots
Craig Smith, Tomas Tatar, Petri Kontiola, Peter Olvecky, Dustin Jeffrey

% Time on Ice - Little Stars

Lines # - Real PCT - Wanted PCT - Time Play
Normal Forward
1 - 29% - 40% - 11:15
2 - 25% - 30% - 9:28
3 - 30% - 20% - 11:27
4 - 16% - 10% - 6:10
Normal Defense
1 - 41% - 40% - 15:42
2 - 30% - 30% - 11:36
3 - 28% - 20% - 10:37
4 - 1% - 10% - 0:25
PP Forward
1 - 59% - 60% - 4:36
2 - 41% - 40% - 3:11
PP Defense
1 - 58% - 60% - 4:31
2 - 42% - 40% - 3:16
PK Forward
1 - 87% - 60% - 8:29
2 - 13% - 40% - 1:17
PK Defense
1 - 60% - 60% - 5:53
2 - 40% - 40% - 3:53
PK3 Forward
1 - 0% - 60%
2 - 0% - 40%
PK3 Defense
1 - 0% - 60%
2 - 0% - 40%
44 Forward
1 - 72% - 60% - 6:34
2 - 28% - 40% - 2:33
44 Defense
1 - 55% - 60% - 5:00
2 - 45% - 40% - 4:07
Last Minute Offensive  - 0:00
Last Minute Defensive  - 0:00
Total
Forward - 65:00
Defense - 65:00

% Time on Ice - Harfangs

Lines # - Real PCT - Wanted PCT - Time Play
Normal Forward
1 - 31% - 40% - 11:51
2 - 23% - 30% - 8:40
3 - 23% - 20% - 8:45
4 - 24% - 10% - 9:04
Normal Defense
1 - 40% - 40% - 15:18
2 - 35% - 30% - 13:25
3 - 24% - 20% - 9:07
4 - 1% - 10% - 0:30
PP Forward
1 - 57% - 60% - 5:34
2 - 43% - 40% - 4:12
PP Defense
1 - 60% - 60% - 5:51
2 - 40% - 40% - 3:55
PK Forward
1 - 73% - 60% - 5:40
2 - 27% - 40% - 2:07
PK Defense
1 - 60% - 60% - 4:42
2 - 40% - 40% - 3:05
PK3 Forward
1 - 0% - 60%
2 - 0% - 40%
PK3 Defense
1 - 0% - 60%
2 - 0% - 40%
44 Forward
1 - 73% - 60% - 6:39
2 - 27% - 40% - 2:28
44 Defense
1 - 52% - 60% - 4:43
2 - 48% - 40% - 4:24
Last Minute Offensive  - 0:00
Last Minute Defensive  - 0:00
Total
Forward - 65:00
Defense - 65:00

Play by Play

1st period


0:01 of 1st period - Éric Belanger wins face-off versus Alex Killorn in neutral zone.
0:06 of 1st period - Mathieu Roy is hit by Stefan Ruzicka and loses puck.
0:28 of 1st period - Jesse Joensuu is hit by Michal Repik and loses puck.
0:44 of 1st period - Icing by Hugh Jessiman.
0:45 of 1st period - Cody Bass wins face-off versus Drew Shore in Little Stars zone.
1:51 of 1st period - Minor Penalty to Ryan Ellis for Diving.
1:52 of 1st period - Petri Kontiola wins face-off versus Éric Belanger in Little Stars zone.
2:04 of 1st period - Icing by Alexandre Picard.
2:05 of 1st period - Éric Belanger wins face-off versus Petri Kontiola in Harfangs zone.
2:06 of 1st period - Wrist shot by Chris Dingman.
2:06 of 1st period - Shot Misses the Net.
2:32 of 1st period - Snap shot by Peter Olvecky.
2:32 of 1st period - Shot Misses the Net.
2:34 of 1st period - Slapshot by Andrew Orpik.
2:34 of 1st period - Shot Misses the Net.
2:36 of 1st period - Slapshot by Alexandre Picard.
2:36 of 1st period - Shot Misses the Net.
2:38 of 1st period - Snap shot by Petri Kontiola.
2:38 of 1st period - Shot Blocked by Clay Wilson.
2:40 of 1st period - Slapshot by Peter Olvecky.
2:40 of 1st period - Shot Misses the Net.
2:42 of 1st period - Snap shot by Andrew Orpik.
2:42 of 1st period - Stopped by Erik Ersberg without a rebound.
2:43 of 1st period - Éric Belanger wins face-off versus Alex Killorn in Little Stars zone.
2:52 of 1st period - Slapshot by Mark Giordano.
2:52 of 1st period - Stopped by Erik Ersberg with a rebound.
2:54 of 1st period - Wrist shot by James Wisniewski.
2:54 of 1st period - Stopped by Erik Ersberg with a rebound.
2:56 of 1st period - Wrist shot by Mark Giordano.
2:56 of 1st period - Deflect By Chris Kreider.
2:56 of 1st period - Shot Misses the Net.
2:56 of 1st period - Puck is out of play.
2:57 of 1st period - Éric Belanger wins face-off versus Alex Killorn in Little Stars zone.
3:18 of 1st period - Slapshot by Éric Belanger.
3:18 of 1st period - Stopped by Marek Schwarz with a rebound.
3:28 of 1st period - Wrist shot by Ryan Vesce.
3:28 of 1st period - Shot Misses the Net.
3:51 of 1st period - Penalty to Ryan Ellis is over, Ryan Ellis is back on ice.
4:01 of 1st period - Raphael Diaz is hit by Alexandre Picard and loses puck.
4:04 of 1st period - Snap shot by Éric Belanger.
4:04 of 1st period - Shot Misses the Net.
4:06 of 1st period - Slapshot by Ryan Ellis.
4:06 of 1st period - Stopped by Marek Schwarz with a rebound.
4:08 of 1st period - Wrist shot by Ryan Ellis.
4:08 of 1st period - Shot Misses the Net.
4:10 of 1st period - Slapshot by Raphael Diaz.
4:10 of 1st period - Shot Misses the Net.
4:12 of 1st period - Wrist shot by Éric Belanger.
4:12 of 1st period - Shot Misses the Net.
4:32 of 1st period - Raphael Diaz is hit by Alexandre Picard and loses puck.
4:45 of 1st period - Slapshot by Alexandre Picard.
4:45 of 1st period - Shot Misses the Net.
4:48 of 1st period - Icing by Cameron Schilling.
4:49 of 1st period - Stefan Ruzicka wins face-off versus Éric Belanger in Little Stars zone.
4:58 of 1st period - Snap shot by Alex Killorn.
4:58 of 1st period - Deflect By Peter Olvecky.
4:58 of 1st period - Shot Misses the Net.
4:58 of 1st period - Puck is out of play.
4:59 of 1st period - Alex Killorn wins face-off versus Marcus Kruger in Little Stars zone.
5:18 of 1st period - Snap shot by Stefan Ruzicka.
5:18 of 1st period - Stopped by Erik Ersberg without a rebound.
5:19 of 1st period - Petri Kontiola wins face-off versus Cody Bass in Little Stars zone.
5:49 of 1st period - Peter Olvecky is hit by Matt Pelech and loses puck.
5:54 of 1st period - Snap shot by Marcus Kruger.
5:54 of 1st period - Shot Blocked by Mark Giordano.
6:22 of 1st period - Slapshot by Alexandre Picard.
6:22 of 1st period - Stopped by Erik Ersberg without a rebound.
6:23 of 1st period - Drew Shore wins face-off versus Cody Bass in Little Stars zone.
6:50 of 1st period - Petri Kontiola is hit by Ryan Vesce and loses puck.
7:38 of 1st period - Off-side.
7:39 of 1st period - Craig Smith wins face-off versus Matt Halischuk in neutral zone.
7:39 of 1st period - Craig Smith is hit by Matt Pelech.
7:52 of 1st period - Craig Smith and Matt Pelech fight to a draw.
7:52 of 1st period - Penalty to Craig Smith for Fighting.
7:52 of 1st period - Penalty to Matt Pelech for Fighting.
7:52 of 1st period - Penalty to Craig Smith for instigated a fight.
7:52 of 1st period - Penalty to Craig Smith for instigated a fight.
7:53 of 1st period - Éric Belanger wins face-off versus Petri Kontiola in Harfangs zone.
7:54 of 1st period - Snap shot by Chris Dingman.
7:54 of 1st period - Stopped by Marek Schwarz without a rebound.
7:55 of 1st period - Peter Olvecky wins face-off versus Éric Belanger in Harfangs zone.
9:52 of 1st period - Penalty to Craig Smith is over, Kyle Palmieri is send on ice.
11:16 of 1st period - James Wisniewski is hit by Marcus Kruger and loses puck.
12:00 of 1st period - Icing by Petri Kontiola.
12:01 of 1st period - Marcus Kruger wins face-off versus Michal Repik in Harfangs zone.
12:26 of 1st period - Peter Olvecky is hit by Chris Dingman.
12:36 of 1st period - Wrist shot by Peter Olvecky.
12:36 of 1st period - Shot Misses the Net.
12:50 of 1st period - Icing by Dustin Jeffrey.
12:51 of 1st period - Drew Shore wins face-off versus Cody Bass in Harfangs zone.
13:04 of 1st period - Wrist shot by Hugh Jessiman.
13:04 of 1st period - Stopped by Marek Schwarz without a rebound.
13:05 of 1st period - Éric Belanger wins face-off versus Alex Killorn in Harfangs zone.
13:34 of 1st period - Slapshot by Éric Belanger.
13:34 of 1st period - Stopped by Marek Schwarz with a rebound.
13:36 of 1st period - Snap shot by Chris Dingman.
13:36 of 1st period - Shot Misses the Net.
13:38 of 1st period - Wrist shot by Matt Halischuk.
13:38 of 1st period - Stopped by Marek Schwarz without a rebound.
13:39 of 1st period - Marcus Kruger wins face-off versus Chris Kreider in Harfangs zone.
14:44 of 1st period - Icing by Alex Killorn.
14:45 of 1st period - Corey Trivino wins face-off versus Alex Killorn in Harfangs zone.
14:52 of 1st period - Snap shot by Jimmy Hayes.
14:52 of 1st period - Stopped by Marek Schwarz with a rebound.
14:54 of 1st period - Slapshot by Matt Pelech.
14:54 of 1st period - Shot Misses the Net.
14:56 of 1st period - Slapshot by Corey Trivino.
14:56 of 1st period - Shot Blocked by Andrew Orpik.
15:15 of 1st period - Minor Penalty to Chris Kreider for Hooking.
15:16 of 1st period - Éric Belanger wins face-off versus Peter Olvecky in Harfangs zone.
15:23 of 1st period - Snap shot by Chris Dingman.
15:23 of 1st period - Deflect By Éric Belanger.
15:23 of 1st period - Shot Misses the Net.
15:23 of 1st period - Puck is out of play.
15:24 of 1st period - Petri Kontiola wins face-off versus Éric Belanger in Harfangs zone.
16:41 of 1st period - Petri Kontiola is hit by Cameron Schilling and loses puck.
16:52 of 1st period - Chris Dingman is hit by Michal Repik and loses puck.
17:15 of 1st period - Penalty to Chris Kreider is over, Chris Kreider is back on ice.
17:33 of 1st period - James Wisniewski is hit by Cameron Schilling and loses puck.
17:52 of 1st period - 10 Minutes Game Misconduct Penalty to Craig Smith is over.
Goals for this period are 0 for Little Stars vs 0 for Harfangs.
Shots for this period are 7 for Little Stars vs 5 for Harfangs.

2nd period


0:01 of 2nd period - Éric Belanger wins face-off versus Alex Killorn in neutral zone.
0:04 of 2nd period - Alex Killorn is hit by Matt Halischuk and loses puck.
1:17 of 2nd period - Slapshot by Roman Wick.
1:17 of 2nd period - Stopped by Erik Ersberg with a rebound.
1:19 of 2nd period - Slapshot by Nick Holden.
1:19 of 2nd period - Shot Misses the Net.
1:25 of 2nd period - Minor Penalty to Chris Dingman for Hooking.
1:26 of 2nd period - Éric Belanger wins face-off versus Petri Kontiola in Little Stars zone.
1:26 of 2nd period - Éric Belanger is hit by Petri Kontiola.
1:59 of 2nd period - Wrist shot by Chris Kreider.
1:59 of 2nd period - Stopped by Erik Ersberg without a rebound.
2:00 of 2nd period - Éric Belanger wins face-off versus Petri Kontiola in Little Stars zone.
2:25 of 2nd period - Michal Repik is hit by Cameron Schilling and loses puck.
3:05 of 2nd period - Minor Penalty to Stefan Ruzicka for Holding.
3:06 of 2nd period - Éric Belanger wins face-off versus Petri Kontiola in Harfangs zone.
3:15 of 2nd period - Snap shot by James Wisniewski.
3:15 of 2nd period - Shot Misses the Net.
3:17 of 2nd period - Backhand shot by James Wisniewski.
3:17 of 2nd period - Deflect By Petri Kontiola.
3:17 of 2nd period - Stopped by Erik Ersberg with a rebound.
3:19 of 2nd period - Wrist shot by Petri Kontiola.
3:19 of 2nd period - Goal by Petri Kontiola - Little Stars : 0 - Harfangs : 1.
3:20 of 2nd period - Petri Kontiola wins face-off versus Éric Belanger in neutral zone.
3:23 of 2nd period - Snap shot by Chris Kreider.
3:23 of 2nd period - Shot Misses the Net.
3:25 of 2nd period - Penalty to Chris Dingman is over, Chris Dingman is back on ice.
3:31 of 2nd period - Slapshot by Mark Giordano.
3:31 of 2nd period - Deflect By Chris Kreider.
3:31 of 2nd period - Shot Misses the Net.
3:31 of 2nd period - Puck is out of play.
3:32 of 2nd period - Petri Kontiola wins face-off versus Éric Belanger in Little Stars zone.
4:07 of 2nd period - Slapshot by Mathieu Roy.
4:07 of 2nd period - Shot Misses the Net.
4:09 of 2nd period - Snap shot by Cameron Schilling.
4:09 of 2nd period - Shot Blocked by Alexandre Picard.
5:05 of 2nd period - Penalty to Stefan Ruzicka is over, Stefan Ruzicka is back on ice.
5:17 of 2nd period - Tomas Tatar is hit by Carl Hagelin and loses puck.
5:32 of 2nd period - Slapshot by Cameron Schilling.
5:32 of 2nd period - Goal by Cameron Schilling - Little Stars : 1 - Harfangs : 1.
5:33 of 2nd period - Alex Killorn wins face-off versus Marcus Kruger in neutral zone.
5:44 of 2nd period - Wrist shot by Peter Olvecky.
5:44 of 2nd period - Stopped by Erik Ersberg without a rebound.
5:45 of 2nd period - Alex Killorn wins face-off versus Éric Belanger in Little Stars zone.
5:46 of 2nd period - Snap shot by Stefan Ruzicka.
5:46 of 2nd period - Goal by Stefan Ruzicka - Little Stars : 1 - Harfangs : 2.
5:47 of 2nd period - Éric Belanger wins face-off versus Peter Olvecky in neutral zone.
5:58 of 2nd period - Snap shot by Éric Belanger.
5:58 of 2nd period - Shot Misses the Net.
6:00 of 2nd period - Slapshot by Matt Halischuk.
6:00 of 2nd period - Goal by Matt Halischuk - Little Stars : 2 - Harfangs : 2.
6:01 of 2nd period - Chris Dingman wins face-off versus Alex Killorn in neutral zone.
6:26 of 2nd period - Mathieu Roy is hit by Alexandre Picard and loses puck.
6:43 of 2nd period - Snap shot by Tomas Tatar.
6:43 of 2nd period - Deflect By Drew Shore.
6:43 of 2nd period - Stopped by Erik Ersberg without a rebound.
6:44 of 2nd period - Cody Bass wins face-off versus Drew Shore in Little Stars zone.
6:59 of 2nd period - Slapshot by Ryan Ellis.
6:59 of 2nd period - Deflect By Carl Hagelin.
6:59 of 2nd period - Stopped by Marek Schwarz without a rebound.
7:00 of 2nd period - Alex Killorn wins face-off versus Éric Belanger in Harfangs zone.
7:00 of 2nd period - Alex Killorn is hit by Chris Dingman.
7:03 of 2nd period - Minor Penalty to Alexandre Picard for Hooking.
7:04 of 2nd period - Éric Belanger wins face-off versus Petri Kontiola in Harfangs zone.
7:07 of 2nd period - Minor Penalty to Mathieu Roy for Interference.
7:08 of 2nd period - Éric Belanger wins face-off versus Petri Kontiola in Little Stars zone.
7:16 of 2nd period - Snap shot by Éric Belanger.
7:16 of 2nd period - Shot Blocked by James Wisniewski.
7:18 of 2nd period - Backhand shot by Clay Wilson.
7:18 of 2nd period - Shot Blocked by Petri Kontiola.
7:24 of 2nd period - Wrist shot by Éric Belanger.
7:24 of 2nd period - Stopped by Marek Schwarz without a rebound.
7:25 of 2nd period - Éric Belanger wins face-off versus Petri Kontiola in Harfangs zone.
7:26 of 2nd period - Slapshot by Chris Dingman.
7:26 of 2nd period - Shot Blocked by Mark Giordano.
8:04 of 2nd period - Wrist shot by Marcus Kruger.
8:04 of 2nd period - Stopped by Marek Schwarz with a rebound.
8:06 of 2nd period - Wrist shot by Marcus Kruger.
8:06 of 2nd period - Stopped by Marek Schwarz without a rebound.
8:07 of 2nd period - Éric Belanger wins face-off versus Petri Kontiola in Harfangs zone.
8:47 of 2nd period - Snap shot by Stefan Ruzicka.
8:47 of 2nd period - Shot Misses the Net.
9:01 of 2nd period - Wrist shot by Alex Killorn.
9:01 of 2nd period - Stopped by Erik Ersberg without a rebound.
9:02 of 2nd period - Matt Halischuk wins face-off versus Craig Smith in Little Stars zone.
9:03 of 2nd period - Penalty to Alexandre Picard is over, Alexandre Picard is back on ice.
9:07 of 2nd period - Penalty to Mathieu Roy is over, Mathieu Roy is back on ice.
9:13 of 2nd period - Wrist shot by Mathieu Roy.
9:13 of 2nd period - Stopped by Marek Schwarz with a rebound.
9:19 of 2nd period - Snap shot by Éric Belanger.
9:19 of 2nd period - Goal by Éric Belanger - Little Stars : 3 - Harfangs : 2.
9:20 of 2nd period - Alex Killorn wins face-off versus Marcus Kruger in neutral zone.
9:33 of 2nd period - Backhand shot by Peter Olvecky.
9:33 of 2nd period - Shot Misses the Net.
10:08 of 2nd period - Ryan Ellis is hit by James Wisniewski and loses puck.
10:37 of 2nd period - Backhand shot by Raphael Diaz.
10:37 of 2nd period - Deflect By Alexandre Picard.
10:37 of 2nd period - Stopped by Marek Schwarz with a rebound.
10:39 of 2nd period - Snap shot by Corey Trivino.
10:39 of 2nd period - Shot Blocked by Alexandre Picard.
10:41 of 2nd period - Slapshot by Raphael Diaz.
10:41 of 2nd period - Deflect By Alexandre Picard.
10:41 of 2nd period - Stopped by Marek Schwarz without a rebound.
10:42 of 2nd period - Éric Belanger wins face-off versus Petri Kontiola in Harfangs zone.
10:49 of 2nd period - Wrist shot by Chris Dingman.
10:49 of 2nd period - Stopped by Marek Schwarz with a rebound.
10:51 of 2nd period - Slapshot by Cameron Schilling.
10:51 of 2nd period - Stopped by Marek Schwarz with a rebound.
10:53 of 2nd period - Wrist shot by Matt Pelech.
10:53 of 2nd period - Shot Blocked by Alexandre Picard.
10:55 of 2nd period - Snap shot by Éric Belanger.
10:55 of 2nd period - Stopped by Marek Schwarz with a rebound.
10:57 of 2nd period - Snap shot by Chris Dingman.
10:57 of 2nd period - Deflect By Chris Kreider.
10:57 of 2nd period - Shot Misses the Net.
10:57 of 2nd period - Puck is out of play.
10:58 of 2nd period - Alex Killorn wins face-off versus Marcus Kruger in Harfangs zone.
11:41 of 2nd period - Minor Penalty to Drew Shore for Holding.
11:42 of 2nd period - Petri Kontiola wins face-off versus Éric Belanger in Harfangs zone.
11:47 of 2nd period - Minor Penalty to Ryan Ellis for Tripping.
11:48 of 2nd period - Petri Kontiola wins face-off versus Éric Belanger in Little Stars zone.
11:51 of 2nd period - Wrist shot by Chris Kreider.
11:51 of 2nd period - Shot Misses the Net.
12:57 of 2nd period - Clay Wilson is hit by Craig Smith and loses puck.
13:11 of 2nd period - Cody Bass is hit by Craig Smith and loses puck.
13:32 of 2nd period - Snap shot by Mathieu Roy.
13:32 of 2nd period - Deflect By Stefan Ruzicka.
13:32 of 2nd period - Stopped by Marek Schwarz with a rebound.
13:41 of 2nd period - Penalty to Drew Shore is over, Drew Shore is back on ice.
13:47 of 2nd period - Penalty to Ryan Ellis is over, Ryan Ellis is back on ice.
14:26 of 2nd period - Ryan Vesce is hit by Craig Smith and loses puck.
14:45 of 2nd period - Slapshot by Hugh Jessiman.
14:45 of 2nd period - Shot Misses the Net.
15:18 of 2nd period - Alexander Vasyunov is hit by Mark Giordano and loses puck.
15:29 of 2nd period - Clay Wilson is hit by Victor Bartley and loses puck.
15:36 of 2nd period - Snap shot by Dustin Jeffrey.
15:36 of 2nd period - Shot Misses the Net.
15:38 of 2nd period - Slapshot by Mark Giordano.
15:38 of 2nd period - Stopped by Erik Ersberg with a rebound.
15:46 of 2nd period - Clay Wilson is hit by Petri Kontiola and loses puck.
16:25 of 2nd period - Dustin Jeffrey is hit by Jesse Joensuu and loses puck.
16:30 of 2nd period - Snap shot by Jesse Joensuu.
16:30 of 2nd period - Stopped by Marek Schwarz with a rebound.
16:50 of 2nd period - Snap shot by Petri Kontiola.
16:50 of 2nd period - Shot Blocked by Ryan Ellis.
17:04 of 2nd period - Backhand shot by Tomas Tatar.
17:04 of 2nd period - Shot Blocked by Hugh Jessiman.
17:21 of 2nd period - Jesse Joensuu is hit by Stefan Ruzicka and loses puck.
18:26 of 2nd period - Snap shot by Craig Smith.
18:26 of 2nd period - Shot Blocked by Cameron Schilling.
18:57 of 2nd period - Carl Hagelin is hit by Craig Smith and loses puck.
19:31 of 2nd period - Alexander Vasyunov is hit by Craig Smith and loses puck.
19:36 of 2nd period - Snap shot by Dustin Jeffrey.
19:36 of 2nd period - Shot Misses the Net.
Goals for this period are 3 for Little Stars vs 2 for Harfangs.
Shots for this period are 15 for Little Stars vs 9 for Harfangs.

3rd period


0:01 of 3rd period - Éric Belanger wins face-off versus Alex Killorn in neutral zone.
0:47 of 3rd period - Wrist shot by Stefan Ruzicka.
0:47 of 3rd period - Stopped by Erik Ersberg with a rebound.
0:49 of 3rd period - Slapshot by Mark Giordano.
0:49 of 3rd period - Shot Blocked by Cody Bass.
0:51 of 3rd period - Snap shot by Alex Killorn.
0:51 of 3rd period - Shot Blocked by Clay Wilson.
0:53 of 3rd period - Snap shot by Mark Giordano.
0:53 of 3rd period - Shot Blocked by Mathieu Roy.
0:55 of 3rd period - Snap shot by Stefan Ruzicka.
0:55 of 3rd period - Shot Misses the Net.
0:57 of 3rd period - Slapshot by Mark Giordano.
0:57 of 3rd period - Deflect By Alex Killorn.
0:57 of 3rd period - Stopped by Erik Ersberg without a rebound.
0:58 of 3rd period - Éric Belanger wins face-off versus Petri Kontiola in Little Stars zone.
0:58 of 3rd period - Éric Belanger is hit by Petri Kontiola.
1:11 of 3rd period - Snap shot by Éric Belanger.
1:11 of 3rd period - Shot Misses the Net.
1:13 of 3rd period - Wrist shot by Éric Belanger.
1:13 of 3rd period - Stopped by Marek Schwarz with a rebound.
1:20 of 3rd period - Icing by Chris Kreider.
1:21 of 3rd period - Marcus Kruger wins face-off versus Kyle Palmieri in Harfangs zone.
1:35 of 3rd period - Snap shot by Jesse Joensuu.
1:35 of 3rd period - Stopped by Marek Schwarz without a rebound.
1:36 of 3rd period - Petri Kontiola wins face-off versus Éric Belanger in Harfangs zone.
1:41 of 3rd period - Snap shot by Petri Kontiola.
1:41 of 3rd period - Shot Misses the Net.
2:34 of 3rd period - Minor Penalty to Kyle Palmieri for Roughing.
2:35 of 3rd period - Éric Belanger wins face-off versus Petri Kontiola in Harfangs zone.
2:51 of 3rd period - Slapshot by Raphael Diaz.
2:51 of 3rd period - Stopped by Marek Schwarz with a rebound.
3:13 of 3rd period - Wrist shot by Jesse Joensuu.
3:13 of 3rd period - Shot Misses the Net.
4:34 of 3rd period - Penalty to Kyle Palmieri is over, Kyle Palmieri is back on ice.
5:19 of 3rd period - Wrist shot by Alex Killorn.
5:19 of 3rd period - Stopped by Erik Ersberg with a rebound.
5:21 of 3rd period - Snap shot by Stefan Ruzicka.
5:21 of 3rd period - Deflect By Cody Bass.
5:21 of 3rd period - Stopped by Erik Ersberg with a rebound.
5:50 of 3rd period - Icing by Éric Belanger.
5:51 of 3rd period - Éric Belanger wins face-off versus Roman Wick in Little Stars zone.
6:33 of 3rd period - Icing by Mark Giordano.
6:34 of 3rd period - Alex Killorn wins face-off versus Cody Bass in Harfangs zone.
6:45 of 3rd period - Snap shot by Alexandre Picard.
6:45 of 3rd period - Stopped by Erik Ersberg with a rebound.
6:47 of 3rd period - Snap shot by Michal Repik.
6:47 of 3rd period - Stopped by Erik Ersberg with a rebound.
6:49 of 3rd period - Slapshot by Alexandre Picard.
6:49 of 3rd period - Shot Blocked by Hugh Jessiman.
6:59 of 3rd period - Slapshot by James Wisniewski.
6:59 of 3rd period - Shot Misses the Net.
7:15 of 3rd period - Dustin Jeffrey is hit by Carl Hagelin and loses puck.
7:41 of 3rd period - Snap shot by Hugh Jessiman.
7:41 of 3rd period - Shot Blocked by James Wisniewski.
7:43 of 3rd period - Wrist shot by Carl Hagelin.
7:43 of 3rd period - Shot Blocked by James Wisniewski.
8:11 of 3rd period - Snap shot by Roman Wick.
8:11 of 3rd period - Shot Blocked by Carl Hagelin.
8:17 of 3rd period - Matt Pelech is hit by Roman Wick and loses puck.
8:26 of 3rd period - Wrist shot by Hugh Jessiman.
8:26 of 3rd period - Stopped by Marek Schwarz with a rebound.
8:28 of 3rd period - Snap shot by Matt Pelech.
8:28 of 3rd period - Stopped by Marek Schwarz without a rebound.
8:29 of 3rd period - Éric Belanger wins face-off versus Alex Killorn in Harfangs zone.
8:32 of 3rd period - Slapshot by Éric Belanger.
8:32 of 3rd period - Stopped by Marek Schwarz with a rebound.
8:34 of 3rd period - Wrist shot by Chris Dingman.
8:34 of 3rd period - Stopped by Marek Schwarz with a rebound.
8:36 of 3rd period - Backhand shot by Mathieu Roy.
8:36 of 3rd period - Shot Misses the Net.
8:38 of 3rd period - Wrist shot by Mathieu Roy.
8:38 of 3rd period - Stopped by Marek Schwarz with a rebound.
8:40 of 3rd period - Slapshot by Clay Wilson.
8:40 of 3rd period - Shot Misses the Net.
8:42 of 3rd period - Snap shot by Matt Halischuk.
8:42 of 3rd period - Shot Misses the Net.
8:44 of 3rd period - Wrist shot by Éric Belanger.
8:44 of 3rd period - Shot Misses the Net.
8:54 of 3rd period - Clay Wilson is hit by Petri Kontiola and loses puck.
9:17 of 3rd period - Slapshot by Andrew Orpik.
9:17 of 3rd period - Shot Misses the Net.
9:19 of 3rd period - Slapshot by Alexandre Picard.
9:19 of 3rd period - Stopped by Erik Ersberg with a rebound.
9:21 of 3rd period - Wrist shot by Tomas Tatar.
9:21 of 3rd period - Stopped by Erik Ersberg with a rebound.
9:23 of 3rd period - Snap shot by Tomas Tatar.
9:23 of 3rd period - Goal by Tomas Tatar - Little Stars : 3 - Harfangs : 3.
9:24 of 3rd period - Éric Belanger wins face-off versus Alex Killorn in neutral zone.
9:24 of 3rd period - Matt Halischuk is hit by Peter Olvecky.
9:27 of 3rd period - Minor Penalty to Matt Halischuk for Tripping.
9:28 of 3rd period - Éric Belanger wins face-off versus Petri Kontiola in Little Stars zone.
9:28 of 3rd period - Éric Belanger is hit by Petri Kontiola.
10:01 of 3rd period - Alex Killorn is hit by Éric Belanger.
11:27 of 3rd period - Penalty to Matt Halischuk is over, Matt Halischuk is back on ice.
11:39 of 3rd period - Wrist shot by Dustin Jeffrey.
11:39 of 3rd period - Shot Misses the Net.
11:41 of 3rd period - Wrist shot by Dustin Jeffrey.
11:41 of 3rd period - Stopped by Erik Ersberg with a rebound.
11:43 of 3rd period - Slapshot by Victor Bartley.
11:43 of 3rd period - Stopped by Erik Ersberg with a rebound.
11:45 of 3rd period - Backhand shot by Dustin Jeffrey.
11:45 of 3rd period - Shot Misses the Net.
13:06 of 3rd period - Matt Pelech is hit by Dustin Jeffrey and loses puck.
13:29 of 3rd period - Snap shot by Cody Bass.
13:29 of 3rd period - Shot Misses the Net.
13:40 of 3rd period - Roman Wick is hit by Matt Pelech and loses puck.
13:48 of 3rd period - Minor Penalty to Matt Pelech for Hooking.
13:49 of 3rd period - Petri Kontiola wins face-off versus Éric Belanger in Little Stars zone.
13:50 of 3rd period - Slapshot by Peter Olvecky.
13:50 of 3rd period - Stopped by Erik Ersberg without a rebound.
13:51 of 3rd period - Peter Olvecky wins face-off versus Éric Belanger in Little Stars zone.
13:52 of 3rd period - Backhand shot by Stefan Ruzicka.
13:52 of 3rd period - Shot Misses the Net.
13:54 of 3rd period - Slapshot by Mark Giordano.
13:54 of 3rd period - Stopped by Erik Ersberg with a rebound.
13:56 of 3rd period - Slapshot by James Wisniewski.
13:56 of 3rd period - Shot Misses the Net.
13:58 of 3rd period - Slapshot by Mark Giordano.
13:58 of 3rd period - Deflect By Stefan Ruzicka.
13:58 of 3rd period - Shot Blocked by Mathieu Roy.
13:58 of 3rd period - Puck is out of play.
13:59 of 3rd period - Éric Belanger wins face-off versus Peter Olvecky in Little Stars zone.
14:18 of 3rd period - Snap shot by Peter Olvecky.
14:18 of 3rd period - Stopped by Erik Ersberg with a rebound.
14:20 of 3rd period - Snap shot by Mark Giordano.
14:20 of 3rd period - Stopped by Erik Ersberg without a rebound.
14:21 of 3rd period - Alex Killorn wins face-off versus Éric Belanger in Little Stars zone.
14:28 of 3rd period - Snap shot by Alex Killorn.
14:28 of 3rd period - Stopped by Erik Ersberg without a rebound.
14:29 of 3rd period - Éric Belanger wins face-off versus Chris Kreider in Little Stars zone.
15:00 of 3rd period - Slapshot by Mark Giordano.
15:00 of 3rd period - Stopped by Erik Ersberg with a rebound.
15:30 of 3rd period - Jimmy Hayes is hit by Andrew Orpik and loses puck.
15:48 of 3rd period - Penalty to Matt Pelech is over, Matt Pelech is back on ice.
16:03 of 3rd period - Minor Penalty to Carl Hagelin for Interference.
16:04 of 3rd period - Petri Kontiola wins face-off versus Éric Belanger in Little Stars zone.
16:48 of 3rd period - Snap shot by Michal Repik.
16:48 of 3rd period - Stopped by Erik Ersberg with a rebound.
16:50 of 3rd period - Wrist shot by Alex Killorn.
16:50 of 3rd period - Stopped by Erik Ersberg with a rebound.
16:52 of 3rd period - Wrist shot by Chris Kreider.
16:52 of 3rd period - Deflect By Michal Repik.
16:52 of 3rd period - Shot Blocked by Raphael Diaz.
16:52 of 3rd period - Puck is out of play.
16:53 of 3rd period - Éric Belanger wins face-off versus Alex Killorn in Little Stars zone.
18:03 of 3rd period - Penalty to Carl Hagelin is over, Carl Hagelin is back on ice.
18:16 of 3rd period - Slapshot by Mathieu Roy.
18:16 of 3rd period - Deflect By Carl Hagelin.
18:16 of 3rd period - Shot Misses the Net.
18:16 of 3rd period - Puck is out of play.
18:17 of 3rd period - Marcus Kruger wins face-off versus Drew Shore in Harfangs zone.
18:18 of 3rd period - Slapshot by Raphael Diaz.
18:18 of 3rd period - Shot Misses the Net.
18:30 of 3rd period - Snap shot by Tomas Tatar.
18:30 of 3rd period - Shot Misses the Net.
18:32 of 3rd period - Slapshot by Nick Holden.
18:32 of 3rd period - Stopped by Erik Ersberg with a rebound.
19:01 of 3rd period - Wrist shot by Jimmy Hayes.
19:01 of 3rd period - Stopped by Marek Schwarz with a rebound.
19:39 of 3rd period - Icing by Mathieu Roy.
19:40 of 3rd period - Marcus Kruger wins face-off versus Petri Kontiola in Little Stars zone.
19:47 of 3rd period - Wrist shot by Hugh Jessiman.
19:47 of 3rd period - Shot Misses the Net.
19:55 of 3rd period - Snap shot by Carl Hagelin.
19:55 of 3rd period - Stopped by Marek Schwarz without a rebound.
19:56 of 3rd period - Chris Kreider wins face-off versus Corey Trivino in Harfangs zone.
19:56 of 3rd period - Chris Kreider is hit by Corey Trivino.
Goals for this period are 0 for Little Stars vs 1 for Harfangs.
Shots for this period are 10 for Little Stars vs 20 for Harfangs.

Overtime #1


0:01 of 1st overtime period - Éric Belanger wins face-off versus Petri Kontiola in neutral zone.
0:04 of 1st overtime period - Snap shot by Éric Belanger.
0:04 of 1st overtime period - Stopped by Marek Schwarz with a rebound.
0:06 of 1st overtime period - Slapshot by Clay Wilson.
0:06 of 1st overtime period - Deflect By Éric Belanger.
0:06 of 1st overtime period - Stopped by Marek Schwarz without a rebound.
0:07 of 1st overtime period - Éric Belanger wins face-off versus Petri Kontiola in Harfangs zone.
0:12 of 1st overtime period - Wrist shot by Éric Belanger.
0:12 of 1st overtime period - Shot Misses the Net.
0:14 of 1st overtime period - Snap shot by Éric Belanger.
0:14 of 1st overtime period - Shot Misses the Net.
0:16 of 1st overtime period - Slapshot by Clay Wilson.
0:16 of 1st overtime period - Shot Misses the Net.
1:19 of 1st overtime period - Snap shot by Alexandre Picard.
1:19 of 1st overtime period - Stopped by Erik Ersberg without a rebound.
1:20 of 1st overtime period - Éric Belanger wins face-off versus Craig Smith in Little Stars zone.
1:22 of 1st overtime period - Icing by Raphael Diaz.
1:23 of 1st overtime period - Éric Belanger wins face-off versus Petri Kontiola in Little Stars zone.
2:16 of 1st overtime period - Slapshot by Clay Wilson.
2:16 of 1st overtime period - Shot Blocked by Andrew Orpik.
2:18 of 1st overtime period - Slapshot by Cody Bass.
2:18 of 1st overtime period - Stopped by Marek Schwarz with a rebound.
2:20 of 1st overtime period - Slapshot by Mathieu Roy.
2:20 of 1st overtime period - Shot Blocked by Alex Killorn.
2:57 of 1st overtime period - James Wisniewski is hit by Mathieu Roy and loses puck.
4:39 of 1st overtime period - Marcus Kruger is hit by Petri Kontiola and loses puck.
Goals for this period are 0 for Little Stars vs 0 for Harfangs.
Shots for this period are 3 for Little Stars vs 1 for Harfangs.

ShootOut


5:00 of 1st overtime period - Penalty Shot by Éric Belanger for Little Stars.
5:00 of 1st overtime period - Wrist shot by Éric Belanger.
5:00 of 1st overtime period - Goal by Éric Belanger.
5:00 of 1st overtime period - Penalty Shot by Craig Smith for Harfangs.
5:00 of 1st overtime period - Backhand shot by Craig Smith.
5:00 of 1st overtime period - Shot Misses the Net.
5:00 of 1st overtime period - Penalty Shot by Chris Dingman for Little Stars.
5:00 of 1st overtime period - Backhand shot by Chris Dingman.
5:00 of 1st overtime period - Goal by Chris Dingman.
5:00 of 1st overtime period - Penalty Shot by Tomas Tatar for Harfangs.
5:00 of 1st overtime period - Wrist shot by Tomas Tatar.
5:00 of 1st overtime period - Goal by Tomas Tatar.
5:00 of 1st overtime period - Penalty Shot by Hugh Jessiman for Little Stars.
5:00 of 1st overtime period - Wrist shot by Hugh Jessiman.
5:00 of 1st overtime period - Shot Misses the Net.
5:00 of 1st overtime period - Penalty Shot by Petri Kontiola for Harfangs.
5:00 of 1st overtime period - Wrist shot by Petri Kontiola.
5:00 of 1st overtime period - Shot Misses the Net.


Output by the SimonT Hockey Simulator (STHS) for François Prévost -- Original Page W3C XHTML 1.0 Valid
Hockey Simulator - Hockey Simulation - Hockey Manager